AA - U28
CORPUS CHRISTI HOOKS @ TULSA DRILLERS
08/24/2052
 
TOP OF THE 1ST
Alexandria Aces batting - Pitching for Shreveport Engineers : RHP Jimmy Robinson
Pitching: RHP Jimmy Robinson
Batting: LHB Jeremy Simmons 0-0: Called Strike
0-1: Ball
1-1: Ball
2-1: Ball
3-1: Swinging Strike
3-2: Fly out, F9 (Flyball, 9D, EV 105.6 MPH)
Batting: LHB T.J. Katz 0-0: Called Strike
0-1: Foul Ball, location: 2F
0-2: Foul Ball, location: 2F
0-2: Ball
1-2: Strikes out swinging
Batting: LHB Miguel Melchor 0-0: Ball
1-0: Foul Ball, location: 2F
1-1: Ball
2-1: Fly out, F8 (Flyball, 8RXD, EV 92.5 MPH)
Top of the 1st over - 0 runs, 0 hits, 0 errors, 0 left on base; Alexandria 0 - Shreveport 0
BOTTOM OF THE 1ST
Shreveport Engineers batting - Pitching for Alexandria Aces : RHP Sebastian Lester
Pitching: RHP Sebastian Lester
Batting: LHB Bridger Davis 0-0: Called Strike
0-1: Foul Ball, location: 2F
0-2: Foul Ball, location: 2F
0-2: Foul Ball, location: 2F
0-2: Fly out, F8 (Flyball, 78S, EV 86.9 MPH)
Batting: RHB Hermínio Bacardi 0-0: Fly out, F6 (Line Drive, 6, EV 76.2 MPH)
Batting: LHB Cezár De Jesus 0-0: SINGLE (Groundball, 34D, EV 96.2 MPH)
Batting: RHB Yenier Quiroz 0-0: Ball
Wild Pitch!
Cezár De Jesus to second
1-0: Swinging Strike
1-1: Ball
2-1: Ball
3-1: Foul Ball, location: 2F
3-2: Strikes out swinging
Bottom of the 1st over - 0 runs, 1 hit, 0 errors, 1 left on base; Alexandria 0 - Shreveport 0
TOP OF THE 2ND
Alexandria Aces batting - Pitching for Shreveport Engineers : RHP Jimmy Robinson
Batting: LHB Josh Turner 0-0: Ball
1-0: Ball
2-0: Called Strike
2-1: Foul Ball, location: 2F
2-2: SINGLE (Groundball, 4D, EV 105.6 MPH)
Batting: LHB Bentley Young 0-0: Ball
1-0: Called Strike
1-1: Ball
2-1: Foul Ball, location: 2F
2-2: Strikes out looking
Batting: SHB Jacob Koga 0-0: Ball
1-0: Ball
2-0: Ball
3-0: Called Strike
3-1: Foul Ball, location: 2F
3-2: Foul Ball, location: 2F
3-2: Base on Balls
Josh Turner to second
Batting: RHB Kaiden Houston 0-0: Fly out, F5 (Popup, 56S, EV 77.5 MPH)
Batting: LHB Mike Rojas 0-0: Ball
1-0: Called Strike
1-1: Fly out, F7 (Flyball, 7LM, EV 100.0 MPH)
Top of the 2nd over - 0 runs, 1 hit, 0 errors, 2 left on base; Alexandria 0 - Shreveport 0
BOTTOM OF THE 2ND
Shreveport Engineers batting - Pitching for Alexandria Aces : RHP Sebastian Lester
Batting: RHB Gervase Koehler 0-0: Foul Ball, location: 2F
0-1: Swinging Strike
0-2: Foul Ball, location: 2F
0-2: Ball
1-2: SOLO HOME RUN (Flyball, 7LD, EV 90.0 MPH), Distance : 338 ft
Batting: RHB Dylan Wagner 0-0: Foul Ball, location: 2F
0-1: Called Strike
0-2: SINGLE (Line Drive, 8RS, EV 92.5 MPH)
Batting: RHB Bruce Guadarrama 0-0: Foul Ball, location: 2F
0-1: Ball
Wild Pitch!
Dylan Wagner to second
1-1: Swinging Strike
1-2: Strikes out swinging
Batting: RHB Julin Favian 0-0: Ball
1-0: Ball
2-0: Called Strike
2-1: Fly out, F4 (Flyball, 4D, EV 85.0 MPH)
Batting: SHB Zach Sadler 0-0: Ball
1-0: DOUBLE (Groundball, 3L, EV 104.4 MPH)
Dylan Wagner scores
Batting: LHB Bridger Davis 0-0: SINGLE (Groundball, 34D, EV 96.9 MPH)
Zach Sadler to third
Runner from 3rd tries for Home, SAFE, throw by RF to home
Batting: RHB Hermínio Bacardi 0-0: Ball
1-0: Foul Ball, location: 2F
1-1: Foul Ball, location: 2F
1-2: Strikes out swinging
Bottom of the 2nd over - 3 runs, 4 hits, 0 errors, 1 left on base; Alexandria 0 - Shreveport 3
TOP OF THE 3RD
Alexandria Aces batting - Pitching for Shreveport Engineers : RHP Jimmy Robinson
Batting: RHB Matt Hicok 0-0: Ball
1-0: Ball
2-0: Called Strike
2-1: Called Strike
2-2: Ball
3-2: Fly out, F6 (Popup, 6, EV 76.2 MPH)
Batting: LHB Jeremy Simmons 0-0: Foul Ball, location: 2F
0-1: Foul Ball, location: 2F
0-2: Strikes out swinging
Batting: LHB T.J. Katz 0-0: Called Strike
0-1: Foul Ball, location: 2F
0-2: Foul Ball, location: 2F
0-2: Ball
1-2: Ball
2-2: Foul Ball, location: 2F
2-2: Ball
3-2: Strikes out swinging
Top of the 3rd over - 0 runs, 0 hits, 0 errors, 0 left on base; Alexandria 0 - Shreveport 3
BOTTOM OF THE 3RD
Shreveport Engineers batting - Pitching for Alexandria Aces : RHP Sebastian Lester
Batting: LHB Cezár De Jesus 0-0: Ball
1-0: Called Strike
1-1: Swinging Strike
1-2: Foul Ball, location: 2F
1-2: Ball
2-2: Foul Ball, location: 2F
2-2: Ground out U3 (Groundball, 34, EV 104.4 MPH)
Batting: RHB Yenier Quiroz 0-0: Ball
1-0: SOLO HOME RUN (Flyball, 78XD, EV 101.2 MPH), Distance : 416 ft
Batting: RHB Gervase Koehler 0-0: Called Strike
0-1: Foul Ball, location: 2F
0-2: Strikes out looking
Batting: RHB Dylan Wagner 0-0: Ball
1-0: Ball
2-0: Called Strike
2-1: Called Strike
2-2: Foul Ball, location: 2F
2-2: Foul Ball, location: 2F
2-2: Ball
3-2: Strikes out swinging
Bottom of the 3rd over - 1 run, 1 hit, 0 errors, 0 left on base; Alexandria 0 - Shreveport 4
TOP OF THE 4TH
Alexandria Aces batting - Pitching for Shreveport Engineers : RHP Jimmy Robinson
Batting: LHB Miguel Melchor 0-0: Called Strike
0-1: Ball
1-1: Foul Ball, location: 2F
1-2: Ball
2-2: Foul Ball, location: 2F
2-2: SOLO HOME RUN (Flyball, 9LD, EV 91.9 MPH), Distance : 335 ft
Batting: LHB Josh Turner 0-0: Swinging Strike
0-1: Ball
1-1: Ball
2-1: Foul Ball, location: 2F
2-2: Ball
3-2: Foul Ball, location: 2F
3-2: Base on Balls
Batting: LHB Bentley Young 0-0: Swinging Strike
0-1: Called Strike
0-2: Ball
1-2: Ball
2-2: Strikes out swinging
Batting: SHB Jacob Koga 0-0: Ball
1-0: Ball
2-0: Swinging Strike
2-1: Fly out, F9 (Line Drive, 9, EV 104.4 MPH)
Batting: RHB Kaiden Houston 0-0: Ball
1-0: Ball
2-0: Swinging Strike
2-1: Foul Ball, location: 2F
2-2: Strikes out swinging
Top of the 4th over - 1 run, 1 hit, 0 errors, 1 left on base; Alexandria 1 - Shreveport 4
BOTTOM OF THE 4TH
Shreveport Engineers batting - Pitching for Alexandria Aces : RHP Sebastian Lester
Batting: RHB Bruce Guadarrama 0-0: Called Strike
0-1: Ground out 5-3 (Groundball, 56, EV 108.8 MPH)
Batting: RHB Julin Favian 0-0: Ball
1-0: Ball
2-0: Fly out, F5 (Popup, 5S, EV 90.6 MPH)
Batting: SHB Zach Sadler 0-0: Ball
1-0: Ball
2-0: Called Strike
2-1: Fly out, F8 (Flyball, 8RM, EV 86.2 MPH)
Bottom of the 4th over - 0 runs, 0 hits, 0 errors, 0 left on base; Alexandria 1 - Shreveport 4
TOP OF THE 5TH
Alexandria Aces batting - Pitching for Shreveport Engineers : RHP Jimmy Robinson
Batting: LHB Mike Rojas 0-0: Ground out 6-3 (Groundball, 6M, EV 108.8 MPH)
Batting: RHB Matt Hicok 0-0: Ground out 4-3 (Groundball, 34, EV 86.2 MPH)
Batting: LHB Jeremy Simmons 0-0: Called Strike
0-1: Ground out 3-1 (Groundball, 34, EV 101.9 MPH)
Top of the 5th over - 0 runs, 0 hits, 0 errors, 0 left on base; Alexandria 1 - Shreveport 4
BOTTOM OF THE 5TH
Shreveport Engineers batting - Pitching for Alexandria Aces : RHP Sebastian Lester
Batting: LHB Bridger Davis 0-0: SINGLE (Groundball, 34S, EV 73.8 MPH) (infield hit)
Batting: RHB Hermínio Bacardi 0-0: Sac Bunt to 23 - play at first, batter OUT! 3-4
Bridger Davis to second
Batting: LHB Cezár De Jesus 0-0: Called Strike
0-1: Ground out 4-3 (Groundball, 4, EV 86.2 MPH)
Bridger Davis to third
Batting: RHB Yenier Quiroz 0-0: Ball
1-0: Ball
2-0: Ball
3-0: Called Strike
3-1: Swinging Strike
3-2: Base on Balls
Batting: RHB Gervase Koehler 0-0: Ball
1-0: Called Strike
1-1: Swinging Strike
1-2: Fly out, F3 (Popup, 34S, EV 81.2 MPH)
Bottom of the 5th over - 0 runs, 1 hit, 0 errors, 2 left on base; Alexandria 1 - Shreveport 4
TOP OF THE 6TH
Alexandria Aces batting - Pitching for Shreveport Engineers : RHP Jimmy Robinson
Batting: LHB T.J. Katz 0-0: Called Strike
0-1: Foul Ball, location: 2F
0-2: Foul Ball, location: 2F
0-2: Strikes out swinging
Batting: LHB Miguel Melchor 0-0: Ball
1-0: Ball
2-0: Foul Ball, location: 2F
2-1: Ball
3-1: Base on Balls
Pitching: RHP Serafim Ricardo
Batting: LHB Josh Turner 0-0: Foul Ball, location: 2F
0-1: Foul Ball, location: 2F
0-2: Foul Ball, location: 2F
0-2: Ball
1-2: Ball
2-2: Fly out, F6 (Line Drive, 6, EV 67.5 MPH)
Batting: LHB Bentley Young 0-0: Called Strike
0-1: Ball
1-1: Called Strike
1-2: Fly out, F6 (Popup, 6S, EV 68.1 MPH)
Top of the 6th over - 0 runs, 0 hits, 0 errors, 1 left on base; Alexandria 1 - Shreveport 4
BOTTOM OF THE 6TH
Shreveport Engineers batting - Pitching for Alexandria Aces : RHP Sebastian Lester
Batting: RHB Dylan Wagner 0-0: Ball
1-0: Ball
2-0: Reached via error on a dropped throw from 2B, E3 (Groundball, 4S, EV 82.5 MPH)
Batting: RHB Bruce Guadarrama 0-0: Bunted foul
0-1: Bunted foul
0-2: Ball
1-2: Grounds into double play, 4-6-3 (Groundball, 4M, EV 88.8 MPH)
Batting: RHB Julin Favian 0-0: Ball
1-0: Called Strike
1-1: Called Strike
1-2: Ball
2-2: Fly out, F8 (Flyball, 8RD, EV 90.0 MPH)
Bottom of the 6th over - 0 runs, 0 hits, 1 error, 0 left on base; Alexandria 1 - Shreveport 4
TOP OF THE 7TH
Alexandria Aces batting - Pitching for Shreveport Engineers : RHP Serafim Ricardo
Batting: SHB Jacob Koga 0-0: Swinging Strike
0-1: Ball
1-1: Foul Ball, location: 2F
1-2: Foul Ball, location: 2F
1-2: Ball
2-2: Strikes out looking
Batting: RHB Kaiden Houston 0-0: Ball
1-0: Fly out, F7 (Flyball, 7, EV 82.5 MPH)
Batting: LHB Mike Rojas 0-0: Swinging Strike
0-1: Ball
1-1: SINGLE (Flyball, 3D, EV 91.2 MPH)
Batting: RHB Matt Hicok 0-0: Ball
1-0: Fly out, F9 (Flyball, 9, EV 90.6 MPH)
Top of the 7th over - 0 runs, 1 hit, 0 errors, 1 left on base; Alexandria 1 - Shreveport 4
BOTTOM OF THE 7TH
Shreveport Engineers batting - Pitching for Alexandria Aces : RHP Sebastian Lester
Batting: SHB Zach Sadler 0-0: Ball
1-0: Called Strike
1-1: SINGLE (Groundball, 25, EV 67.5 MPH) (infield hit)
Batting: LHB Bridger Davis 0-0: Fly out, F6 (Popup, 56, EV 69.4 MPH)
Pitching: LHP Brent Hudson
Batting: RHB Hermínio Bacardi 0-0: Ball
1-0: Ball
2-0: Ball
3-0: Called Strike
3-1: SINGLE (Flyball, 8RS, EV 91.9 MPH)
Zach Sadler to second
Batting: LHB Cezár De Jesus 0-0: Called Strike
0-1: Swinging Strike
0-2: Ball
1-2: Fly out, F4 (Line Drive, 4, EV 68.1 MPH)
Batting: RHB Yenier Quiroz 0-0: Foul Ball, location: 2F
0-1: Swinging Strike
0-2: Ball
1-2: SINGLE (Groundball, 4MD, EV 102.5 MPH)
Zach Sadler to third
Hermínio Bacardi to second
Runner from 3rd tries for Home, SAFE, throw by CF to home
Batting: RHB Gervase Koehler 0-0: Ball
1-0: Foul Ball, location: 2F
1-1: Called Strike
1-2: Strikes out swinging
Bottom of the 7th over - 1 run, 3 hits, 0 errors, 2 left on base; Alexandria 1 - Shreveport 5
TOP OF THE 8TH
Alexandria Aces batting - Pitching for Shreveport Engineers : RHP Serafim Ricardo
Batting: LHB Jeremy Simmons 0-0: Ball
1-0: Fly out, F8 (Flyball, 78D, EV 87.5 MPH)
Batting: LHB T.J. Katz 0-0: Ball
1-0: Foul Ball, location: 2F
1-1: Ball
2-1: Ball
3-1: Foul Ball, location: 2F
3-2: SOLO HOME RUN (Flyball, 8LXD, EV 106.2 MPH), Distance : 438 ft
Batting: LHB Miguel Melchor 0-0: Ball
1-0: Ball
2-0: Fly out, F9 (Flyball, 89M, EV 96.2 MPH)
Batting: LHB Josh Turner 0-0: Called Strike
0-1: Called Strike
0-2: Ball
1-2: Ball
2-2: Ball
3-2: Foul Ball, location: 2F
3-2: SINGLE (Line Drive, 7S, EV 95.6 MPH)
Batting: LHB Bentley Young 0-0: Called Strike
0-1: Foul Ball, location: 2F
0-2: Ball
1-2: SINGLE (Groundball, 34, EV 111.9 MPH)
Josh Turner to second
Runner from 2nd tries for 3rd, SAFE, no throw by RF
Pitching: LHP J.J. Cheng
Batting: SHB Jacob Koga 0-0: Called Strike
0-1: Ball
1-1: Foul Ball, location: 2F
1-2: Hit by Pitch
Bentley Young to second
Batting: RHB Kaiden Houston 0-0: Swinging Strike
0-1: TRIPLE (Line Drive, 89XD, EV 105.6 MPH)
Josh Turner scores
Bentley Young scores
Jacob Koga scores
Pinch Hitting: RHB Alexis Almeida 0-0: Ball
1-0: Ground out 4-3 (Groundball, 4M, EV 80.6 MPH)
Top of the 8th over - 4 runs, 4 hits, 0 errors, 1 left on base; Alexandria 5 - Shreveport 5
BOTTOM OF THE 8TH
Shreveport Engineers batting - Pitching for Alexandria Aces : LHP Brent Hudson
Now at SS: Sonny Kubler
Batting: RHB Dylan Wagner 0-0: Ball
1-0: Foul Ball, location: 2F
1-1: Foul Ball, location: 2F
1-2: Hit by Pitch
Batting: RHB Bruce Guadarrama 0-0: Sac Bunt to P - play at first, batter OUT! 1-4
Dylan Wagner to second
Batting: RHB Julin Favian 0-0: Intentional Walk
Pinch Hitting: RHB Ricco Battista 0-0: Ball
1-0: Ball
2-0: Called Strike
2-1: Swinging Strike
2-2: Hit by Pitch
Dylan Wagner to third
Julin Favian to second
Batting: LHB Bridger Davis 0-0: DOUBLE (Flyball, 78XD, EV 101.9 MPH)
Dylan Wagner scores
Julin Favian scores
Ricco Battista to third
Batting: RHB Hermínio Bacardi 0-0: Ball
1-0: Ball
2-0: Swinging Strike
2-1: Swinging Strike
2-2: Strikes out swinging
Batting: LHB Cezár De Jesus 0-0: Ground out 6-3 (Groundball, 6, EV 83.8 MPH)
Bottom of the 8th over - 2 runs, 1 hit, 0 errors, 2 left on base; Alexandria 5 - Shreveport 7
TOP OF THE 9TH
Alexandria Aces batting - Pitching for Shreveport Engineers : LHP J.J. Cheng
Now at 2B: Dylan Wagner
Now at 3B: Caiden Wagner
Now at SS: Hermínio Bacardi
Batting: RHB Matt Hicok 0-0: Ball
1-0: Foul Ball, location: 2F
1-1: SINGLE (Line Drive, 9LM, EV 108.8 MPH)
Pinch Hitting: RHB Byron Shearman 0-0: Fly out, F8 (Line Drive, 8LM, EV 97.5 MPH)
Batting: LHB T.J. Katz 0-0: Foul Ball, location: 2F
0-1: Foul Ball, location: 2F
0-2: Ball
1-2: Fielders Choice at 2nd, 3-6 (Groundball, 34S, EV 80.0 MPH)
Batting: LHB Miguel Melchor 0-0: Called Strike
0-1: Called Strike
0-2: Ball
1-2: Foul Ball, location: 2F
1-2: Strikes out looking
Top of the 9th over - 0 runs, 1 hit, 0 errors, 1 left on base; Alexandria 5 - Shreveport 7
Saturday, May 4th , 2024 - OOTP Baseball 24.11 Build 85